AoeStats
← an.xmara

Team Islands

503237470Analyzed
2v2 RM · 1mo ago on Aug 30, 2026· 58m 11s· 4 players
Game mode
Random Map
Map size
185×185
Population
200
Speed
Normal
Resources
Standard
Victory
Conquest
Starting age
Dark Age
Ending age
Imperial Age
RankedLock teamsTeams togetherTeam positionsShared explorationLock speedFull tech treeHidden civsTurbo modeCheats
Victory
Defeat
🇩🇪 Turks · Germany
668
+12
🇩🇪 Portuguese · Germany
601
+15
🇺🇸 Vikings · United States
596
-14
🇺🇦 Britons · Ukraine
544
-12
CaptainKruschel
1:02 Loom
13:31 Feudal Age
14:19 Double-Bit Axe
14:19 Horse Collar
14:35 Gold Mining
16:35 Stone Mining
21:32 Fletching
21:48 Padded Archer Armor
22:43 Fishing Lines
26:55 Castle Age
28:39 Bow Saw
28:34 Heavy Plow
29:19 Gold Shaft Mining
28:48 Gillnets
29:17 Medium Warships
29:37 Bodkin Arrow
29:58 Leather Archer Armor
29:14 Crossbowman
33:55 Imperial Age
34:03 Elite Longship
36:34 Two-Man Saw
36:11 Crop Rotation
37:39 Chemistry
37:37 Bracer
37:58 Careening
39:17 Ring Archer Armor
39:06 Clinker Construction
39:30 Ballistics
38:38 Elite Cannon Galleon
40:31 Bogsveigar
42:22 Dry Dock
43:15 Carvel Hull
50:59 Arbalester
51:54 Forging
51:50 Scale Barding Armor
51:48 Scale Mail Armor
53:49 Chieftains
55:47 Elite Berserk
an.xmara
10:32 Feudal Age
11:53 Wheelbarrow
11:06 Double-Bit Axe
11:53 Gold Mining
13:40 Horse Collar
17:08 Stone Mining
Cyto
8:32 Loom
11:50 Feudal Age
12:34 Double-Bit Axe
18:29 Castle Age
16:36 Gold Mining
22:17 Bow Saw
24:54 Gold Shaft Mining
32:55 Medium Warships
46:05 Ballistics
45:56 Siphons
46:03 Clinker Construction
46:07 Careening
48:42 Imperial Age
46:23 Demolition Ship
47:54 Heated Shot
50:00 Heavy Warships
48:56 Heavy Demolition Ship
48:58 Elite Cannon Galleon
50:04 Heavy Warships
51:20 Arrowslits
51:53 Incendiaries
52:04 Shipwright
52:05 Carvel Hull
52:06 Dry Dock
magge
10:59 Feudal Age
11:47 Double-Bit Axe
13:48 Fishing Lines
18:49 Castle Age
17:30 Padded Archer Armor
17:20 Fletching
17:45 Forging
21:57 Bow Saw
24:09 Loom
25:00 Wheelbarrow
24:13 Horse Collar
24:38 Gillnets
25:05 Medium Warships
26:20 Leather Archer Armor
26:00 Bodkin Arrow
43:59 Imperial Age
41:45 Hand Cart
43:59 Clinker Construction
44:03 Careening
44:03 Heated Shot
44:26 Siphons
45:01 Elite Organ Gun
47:18 Heavy Warships
46:15 Elite Caravel
Connection lost

Rejoining the realm…

Still unreachable

The connection could not be restored.

Session expired

The server has moved on; the page needs a fresh start.